 Dungeon Crawl Stone Soup version 0.27-a0-1196-g3e9cee4cb2 (webtiles) character file.

Game seed: 12128307489233646165

78 Glokmah the Magician (level 4, 0/54 HPs)
             Began as a Hill Orc Hedge Wizard on May 29, 2021.
             Was a Believer of Makhleb.
             Succumbed to a kobold's poison
             ... on level 2 of the Dungeon.
             The game lasted 00:05:39 (2407 turns).

Glokmah the Magician (Hill Orc Hedge Wizard)        Turns: 2407, Time: 00:05:39

Health: 0/54       AC: 22    Str: 12    XL:     4   Next: 36%
Magic:  2/2        EV:  2    Int: 15    God:    Makhleb [**....]
Gold:   61         SH:  0    Dex: 10    Spells: 3/8 levels left

rFire    . . .     SeeInvis .   a - +2 hand axe (antimagic)
rCold    . . .     Faith    .   (no shield)
rNeg     + + +     Spirit   .   (armour currently unavailable)
rPois    +         Reflect  .   (helmet currently unavailable)
rElec    .         Harm     .   (cloak currently unavailable)
rCorr    .         Rampage  .   (gloves currently unavailable)
Will     .....     NoTele   +   (boots currently unavailable)
Stlth    ++........             (no amulet)
HPRegen  0.18/turn              f - ring of flight
MPRegen  0.08/turn              (no ring)

@: lethally poisoned (0 -> -28), tree-form
A: stationary, stasis, torment immunity, boosted hp
a: Renounce Religion, Minor Destruction


You were on level 2 of the Dungeon.
You worshipped Makhleb.
Makhleb was pleased with you.
You were a tree.
You visited 1 branch of the dungeon, and saw 2 of its levels.

You collected 61 gold pieces.

Inventory:

Hand Weapons
 a - a +2 antimagic hand axe (weapon)
 k - a +0 short sword
Missiles
 g - 5 atropa-tipped darts
Armour
 b - a +0 robe (melded)
 c - a +0 hat
 d - a +0 pair of gloves (melded)
 j - a +0 helmet (melded)
Jewellery
 f - a ring of flight (left branch)
Scrolls
 e - 2 scrolls of teleportation {unknown}
 h - a scroll of holy word {unknown}
Potions
 l - a potion of brilliance {unknown}
 m - a potion of berserk rage {unknown}


   Skills:
 + Level 1.8 Fighting
 * Level 0.0 Axes
 - Level 1.5 Dodging
 - Level 1.5 Stealth
 + Level 2.7 Spellcasting
 - Level 2.3 Conjurations
 + Level 1.8 Summonings
 * Level 1.3 Translocations


You had 3 spell levels left.
You knew the following spells:

 Your Spells              Type           Power      Damage    Failure   Level
a - Magic Dart            Conj           36%        1d4       8%          1
b - Call Imp              Summ           7%         N/A       16%         2
c - Blink                 Tloc           N/A        N/A       19%         2

Your spell library contained the following spells:

 Spells                   Type           Power      Damage    Failure   Level
 Summon Small Mammal      Summ           28%        N/A       10%         1
 Apportation              Tloc           10%        N/A       12%         1
 Animate Skeleton         Necr           4%         N/A       21%         1
 Corona                   Hex            2%         N/A       21%         1
 Slow                     Hex            2%         N/A       30%         2
 Call Canine Familiar     Summ           7%         N/A       30%         3
 Conjure Flame            Conj/Fire      5%         6-21      36%         3
 Mephitic Cloud           Conj/Pois/Air  4%         N/A       41%         3
 Summon Guardian Golem    Hex/Summ       4%         N/A       41%         3
 Summon Ice Beast         Ice/Summ       4%         N/A       82%         4
 Summon Lightning Spire   Summ/Air       4%         N/A       82%         4


Dungeon Overview and Level Annotations

Branches:
Dungeon (2/15)

Altars:
Makhleb

Shops:
D:1 [


Message History

The bat barely misses you.
Found a scroll labelled IKYLYDD MALO.
The bat barely misses you.
You hit the bat.
You kill the bat!
Makhleb accepts your kill.
You feel magic leave you.
a - a +2 antimagic hand axe (weapon)
No target in view!
Found a hunting sling.
e - 2 scrolls labelled IKYLYDD MALO (gained 1)
A kobold comes into view. It is wielding a +2 whip of venom.
Found a leather armour.
Found a stone staircase leading down.
The kobold shouts!
The kobold closely misses you.
A frilled lizard comes into view.
You closely miss the kobold.
The kobold hits you with a +2 whip of venom.
You are poisoned.
You barely miss the kobold.
You feel very sick.
The kobold hits you with a +2 whip of venom.
You are more poisoned.
The kobold hits you with a +2 whip of venom.
You hit the kobold but do no damage.
You feel extremely sick.
The kobold hits you with a +2 whip of venom.
You are more poisoned.
You hit the kobold.
The kobold is severely wounded.
* * * LOW HITPOINT WARNING * * *
You feel very sick.
The kobold hits you with a +2 whip of venom.
* * * LOW HITPOINT WARNING * * *
You are more poisoned.
It was a potion of lignification.
You turn into a tree.
Your +0 helmet melds into your body.
Your +0 pair of gloves melds into your body.
Your +0 robe melds into your body.
Your roots penetrate the ground.
You die...

#############
#...........######
[######.#########....)..
.........# #..#####
.......♣.# #..#
...?..K..# #..#
####...l..#######..#
#####........†..#
..#######.## ..#
##.##### >.# #......#
..# #..###.# #..# #.#


You could see a kobold and a frilled lizard.

Vanquished Creatures
  Robin (D:2)
  A dart slug (D:1)
  5 bats
  2 endoplasms (D:1)
  3 giant cockroaches
  5 goblins
  4 hobgoblins
  12 jackals
  4 kobolds (D:1)
  3 quokkas (D:1)
  6 ball pythons
  4 frilled lizards (D:1)
  6 rats
56 creatures vanquished.

Vanquished Creatures (collateral kills)
  A dart slug (D:2)
  4 goblins (D:2)
  A hobgoblin (D:2)
  2 jackals
8 creatures vanquished.

Grand Total: 64 creatures vanquished

Notes
Turn   | Place    | Note
-------+----------+-------------------------------------------
     0 | D:1      | Glokmah the Hill Orc Hedge Wizard began the quest for the
                  | Orb.
     0 | D:1      | Reached XP level 1. HP: 14/14 MP: 3/3
   229 | D:1      | Found a faded altar of an unknown god.
   233 | D:1      | Became a worshipper of Makhleb the Destroyer
   233 | D:1      | Reached * piety under Makhleb
   422 | D:1      | Reached XP level 2. HP: 22/22 MP: 1/5
   501 | D:1      | Reached skill level 1 in Translocations
   718 | D:1      | Reached skill level 1 in Fighting
   853 | D:1      | Learned a level 2 spell: Call Imp
   856 | D:1      | Learned a level 2 spell: Blink
   885 | D:1      | Reached XP level 3. HP: 28/28 MP: 6/6
  1128 | D:1      | Reached ** piety under Makhleb
  1291 | D:1      | Found Vaybit's Armour Shop.
  1799 | D:2      | Reached XP level 4. HP: 30/35 MP: 0/8
  1997 | D:2      | Noticed Robin
  2089 | D:2      | Killed Robin
  2407 | D:2      | Succumbed to a kobold's poison

Illustrated notes

Levels and vault maps discovered:
D:1:      erik_arrival_triangle_small, layout_basic, serial_shops,
          nicolae_shop_stone, shapermc_ecumenical_altar_hornbeckon,
          serial_bayou_ford_a
D:2:      minmay_door_path, layout_loops_ring, minmay_misc_feat_doors,
          uniq_robin

Skill      XL: |  1  2  3 |
---------------+----------+-----
Translocations | 1 |  1.3
Fighting       | 1 |  1.8
Conjurations   | 2 |  2.3
Dodging        | |  1.5
Stealth        | |  1.5
Spellcasting   | |  2.7
Summonings     | |  1.8

Action                   |  1- 3 |  4- 6 || total
-------------------------+-------+-------++-------
Melee: Dagger            |    52 |       ||    52
       Short sword       |    58 |    27 ||    85
       Hand axe          |       |     4 ||     4
 Cast: Magic Dart        |    60 |     4 ||    64
       Call Imp          |     6 |     4 ||    10
  Use: Potion            |       |     1 ||     1
 Stab: Sleeping          |     3 |     2 ||     5
Armor: Robe              |    38 |    12 ||    50
Dodge: Dodged            |    84 |    19 ||   103

Table legend: (Time is in decaauts)
 A = Elapsed time spent in this place.
 B = Non-inter-level travel time spent in this place.
 C = Inter-level travel time spent in this place.
 D = Time resting spent in this place.
 E = Time spent auto-exploring this place.
 F = Levels seen in this place.
 G = Mean time per level.
                   A        B        C        D        E       F      G
               +--------+--------+--------+--------+--------+-----+--------+
         Total |   2423 |   2398 |     25 |    174 |   1692 |   2 | 1211.5 |
       Dungeon |   2423 |   2398 |     25 |    174 |   1692 |   2 | 1211.5 |
               +--------+--------+--------+--------+--------+-----+--------+

Top non-repeatable levels by time:
     D:1: 1595 daAuts
     D:2: 828 daAuts
